 Dungeon Crawl Stone Soup version 0.18.1-8-gdd0e5ea (webtiles) character file.

65 Kenran the Chopper (level 4, -7/28 HPs)
             Began as a Gargoyle Berserker on May 24, 2016.
             Was a Believer of Trog.
             Killed from afar by Natasha (9 damage)
             ... with a wand of flame
             ... on level 2 of the Dungeon.
             The game lasted 00:03:53 (1766 turns).

Kenran the Chopper (Gargoyle Berserker)             Turns: 1766, Time: 00:03:54

Health: -7/28      AC:  9    Str: 21    XL:     4   Next: 13%
Magic:  4/4        EV: 11    Int:  7    God:    Trog [**....]
Gold:   68         SH:  0    Dex: 10    Spells: 0 memorised, 3 levels left

rFire  . . .     SeeInvis .     a - +0 hand axe
rCold  . . .     Gourm    .     i - +0 ring mail
rNeg   + . .     Faith    .     (no shield)
rPois  ∞         Spirit   .     (no helmet)
rElec  +         Dismiss  .     (no cloak)
rCorr  .         Reflect  .     (no gloves)
SustAt .         Harm     .     (no boots)
MR     .....                    (no amulet)
Stlth  ..........               (no ring)
                                (no ring)

@: slowed, very slow, not resistant to hostile enchantments, extremely
unstealthy
A: negative energy resistance 1, electricity resistance, unbreathing,
petrification resistance, rot immunity, AC +3
a: Berserk, Trog's Hand, Burn Spellbooks, Renounce Religion


You were on level 2 of the Dungeon.
You worshipped Trog.
Trog was pleased with you.
You were not hungry.

You visited 1 branch of the dungeon, and saw 2 of its levels.

You collected 68 gold pieces.

Inventory:

Hand Weapons
 a - a +0 hand axe (weapon)
Missiles
 l - 17 stones (quivered)
Armour
 i - a +0 ring mail (worn)
Scrolls
 f - a scroll of identify {unknown}
 g - a scroll of blinking {unknown}
Potions
 b - a potion of heal wounds {unknown}
 e - 2 potions of magic {unknown}
 h - a potion of resistance {unknown}
 j - a potion of agility {unknown}
 k - a potion of might {unknown}
Comestibles
 c - a bread ration
 d - 3 chunks of flesh


   Skills:
 - Level 3.2 Fighting
 + Level 4.4 Axes
 - Level 2.1 Armour
 - Level 1.5 Dodging


You had 3 spell levels left.
You didn't know any spells.

Dungeon Overview and Level Annotations

Branches:
Dungeon (2/15)

Altars:
Dithmenos

Annotations:
D:2 Natasha


Innate Abilities, Weirdness & Mutations

You are resistant to torment.
Your stone body is resilient (AC +3).
You are immune to poison.
You resist negative energy.
You are resistant to electric shocks.
You can survive without breathing.
You are immune to petrification.
You are immune to rotting.


Message History

Natasha claws you but does no damage.
Natasha zaps a wand.
The puff of flame misses you.
You hit Natasha but do no damage.
Natasha is heavily wounded.
Natasha barely misses you.
You closely miss Natasha.
Natasha is heavily wounded.
Natasha zaps a wand.
The puff of flame hits you!
* * * LOW HITPOINT WARNING * * *
Natasha claws you.
* * * LOW HITPOINT WARNING * * *
Unknown command.
Natasha barely misses you. Natasha casts a spell at you.
You resist with some effort.
Natasha stares at you and mumbles some strange words.
The magic dart hits you!
You see here a club.
Natasha zaps a wand.
The puff of flame hits you!
You die...

# #.......#### #
#.##.......#
########.##..#..#.#
.............#..#.## ...
...#####.###.#.....# ##.###
..## #.###.#..#..# #.... ###
#...........# #...# ###
########.##.#### #...# ..#
#.h).@.....# #[..# #.#
#.##.##<.#.#####...### #.#
#.##.##.##............ #[#
#.....(....##...............
#.#
#...(.#.##.##.##............
#.#
#.(...#.##.##.##.#####...###
..# ##### #.........)# #...#
### #######.#### #...# #####
#.# #...#


You could see Natasha.

Vanquished Creatures
  Natasha (D:2)
  An ooze (D:1)
  A worm (D:2)
  2 dart slugs (D:1)
  A giant gecko (D:1)
  A giant cockroach (D:1)
  8 goblins
  2 hobgoblins
  2 kobolds (D:1)
  A quokka (D:2)
  4 bats
  5 rats
29 creatures vanquished.

Notes
Turn   | Place    | Note
--------------------------------------------------------------
     0 | D:1      | Kenran the Gargoyle Berserker began the quest for the Orb.
     0 | D:1      | Reached XP level 1. HP: 14/14 MP: 1/1
   195 | D:1      | Reached skill level 3 in Axes
   297 | D:1      | Reached XP level 2. HP: 19/19 MP: 2/2
   742 | D:1      | Reached XP level 3. HP: 23/23 MP: 3/3
   761 | D:1      | Reached ** piety under Trog
  1096 | D:2      | Found a shadowy altar of Dithmenos.
  1143 | D:2      | HP: 1/23 [worm (6)]
  1466 | D:2      | Reached skill level 4 in Axes
  1572 | D:2      | Noticed Natasha
  1582 | D:2      | Killed Natasha
  1582 | D:2      | Reached XP level 4. HP: 17/28 MP: 4/4
  1754 | D:2      | Noticed Natasha
  1766 | D:2      | Killed from afar by Natasha

Skill      XL: |  1  2  3 |
---------------+----------+-----
Axes           | 3 4 |  4.4
Fighting       | |  3.2
Armour         | |  2.1
Dodging        | |  1.5

Action                   |  1- 3 |  4- 6 || total
-------------------------+-------+-------++-------
Melee: Hand axe          |   115 |     6 ||   121
Throw: Stone             |       |     3 ||     3
 Stab: Distracted        |     1 |       ||     1
  Eat: Chunk             |     2 |     1 ||     3
Armor: Animal skin       |    25 |       ||    25
       Ring mail         |     9 |     3 ||    12
Dodge: Dodged            |    60 |     7 ||    67
